 Dungeon Crawl Stone Soup version 0.29.0-4-gdea44cf6ec (webtiles) character file.

Game seed: 9364462643662172372

4 qw the Sneak (level 1, -1/14 HPs)
             Began as a Ghoul Enchanter on Sept 8, 2022.
             Slain by a frilled lizard (2 damage)
             ... on level 1 of the Dungeon.
             The game lasted 00:00:08 (198 turns).

qw the Sneak (Ghoul Enchanter)                       Turns: 198, Time: 00:00:09

Health: -1/14      AC:  2    Str: 11    XL:     1   Next: 70%
Magic:  2/2        EV: 12    Int: 10    God:
Gold:   3          SH:  0    Dex:  9    Spells: 3/3 levels left

rFire   . . .      SeeInvis .   g - +0 short sword
rCold   + . .      Faith    .   (no shield)
rNeg    + + +      Spirit   .   b - +0 robe
rPois   inf        Reflect  .   (no helmet)
rElec   .          Harm     .   (no cloak)
rCorr   .          Rampage  .   (no gloves)
Will    .....                   (no boots)
Stlth   ++........              (no amulet)
HPRegen 0.00/turn               (no ring)
MPRegen 0.08/turn               (no ring)

@: inhibited regen
A: claws 1, cold resistance 1, negative energy resistance 3, inhibited
regeneration, torment resistance 2, devour on kill
a: no special abilities


You were on level 1 of the Dungeon.
You visited 1 branch of the dungeon, and saw 1 of its levels.

You collected 3 gold pieces.


Innate Abilities, Weirdness & Mutations

You are immune to poison.
You have sharp fingernails.
Your flesh is cold resistant. (rC+)
You are immune to negative energy. (rN+++)
You do not regenerate when monsters are visible.
You are immune to unholy pain and torment.
You thrive by killing the living.


   Skills:
 + Level 0.0 Fighting
 - Level 0.8 Short Blades
 - Level 1.0 Axes
 - Level 1.7 Dodging
 - Level 3.2 Stealth
 - Level 1.7 Spellcasting
 - Level 2.4 Hexes


You had 3 spell levels left.
You didn't know any spells.
Your spell library contained the following spells:

 Spells                   Type           Power      Damage    Failure   Level
 Ensorcelled Hibernation  Hex/Ice        6%         N/A       30%         2
 Confusing Touch          Hex            5%         N/A       34%         3
 Tukima's Dance           Hex            5%         N/A       34%         3
 Dazzling Flash           Conj/Hex       6%         N/A       52%         3

Inventory:

Hand Weapons
 g - a +0 short sword (weapon)
Armour
 b - a +0 robe (worn)
Scrolls
 d - 3 scrolls of noise {unknown}
Potions
 c - 2 potions of invisibility
 e - a potion of attraction {unknown}
 f - a potion of berserk rage {unknown}

Dungeon Overview and Level Annotations

Branches:
Dungeon (1/15)

Altars:


Message History

184 ||| Stepping ~*~*~tactically~*~*~ (stealth).
A quokka comes into view.
185 ||| Stepping ~*~*~tactically~*~*~ (stealth).
The quokka bites you.
You hit the quokka but do no damage. The quokka barely misses you.
You closely miss the quokka.
The quokka bites you but does no damage.
You hit the quokka.
The quokka is lightly wounded.
The quokka closely misses you.
You closely miss the quokka.
The quokka is lightly wounded.
The quokka barely misses you. The quokka bites you.
You completely miss the quokka.
The quokka is lightly wounded.
The quokka bites you but does no damage.
You closely miss the quokka.
The quokka is lightly wounded.
The quokka bites you.
You barely miss the quokka.
The quokka is lightly wounded.
The quokka bites you. The quokka barely misses you.
You barely miss the quokka.
The quokka is lightly wounded.
The quokka completely misses you.
You hit the quokka but do no damage.
The quokka is lightly wounded.
The quokka bites you.
You barely miss the quokka.
The quokka is lightly wounded.
The frilled lizard hisses angrily.
The quokka closely misses you.
You miss the quokka.
The quokka is lightly wounded.
The quokka closely misses you.
You miss the quokka.
The quokka is lightly wounded.
The quokka bites you. The frilled lizard bites you.
You die...

#...r . #.#. .. ##.#. .##...
..... #..# #.r## ...##.l@# . #..
## ..##.#.# #.#.. .. ..##.#.#
#.#.. .###### ..##.#.# .....
.##...#####.##.#.# #.#.#
'##.#.#...#.##.#.############.#..
.##.#.#.#.#.##.#.....(....##..#..
.'..#.#.#.'.##.##########)##..#..
.##.#.#.###....# #.......#


You could see a quokka and a frilled lizard.

Vanquished Creatures
  An endoplasm (D:1)
  A giant cockroach (D:1)
  A goblin (D:1)
  A rat (D:1)
4 creatures vanquished.

Notes
Turn   | Place    | Note
-------+----------+-------------------------------------------
     0 | D:1      | qw the Ghoul Enchanter began the quest for the Orb.
     0 | D:1      | Reached XP level 1. HP: 14/14 MP: 2/2
     0 | D:1      | 0 ||| qw: Version: 0.1-a-111-g1c1fd2e
     0 | D:1      | 0 ||| qw: Game counter: 6616
     0 | D:1      | 0 ||| qw: Always use a shield: true
     0 | D:1      | 0 ||| qw: God list: Okawaru
     0 | D:1      | 0 ||| qw: Allow faded altars: false
     0 | D:1      | 0 ||| qw: Do Orc after D:15 true
     0 | D:1      | 0 ||| qw: Do second Lair branch before Depths: true
     0 | D:1      | 0 ||| qw: Lair rune preference: random
     0 | D:1      | 0 ||| qw: Plans: Normal
     0 | D:1      | 0 ||| PLANNING D:1-11
   136 | D:1      | 136 ||| SWAPPING to +0 short sword.
   155 | D:1      | 155 ||| DROPPING +1 dagger.
   181 | D:1      | Reached skill level 1 in Axes
   181 | D:1      | 181 ||| Stepping ~*~*~tactically~*~*~ (stealth).
   184 | D:1      | 184 ||| Stepping ~*~*~tactically~*~*~ (stealth).
   185 | D:1      | 185 ||| Stepping ~*~*~tactically~*~*~ (stealth).
   195 | D:1      | HP: 3/14 [quokka (1)]
   198 | D:1      | HP: 1/14 [quokka (2)]
   198 | D:1      | Slain by a frilled lizard

Levels and vault maps discovered:
D:1:      nicolae_arrival_somewhat_less_tricky_arrival, layout_loops_ring,
          shapermc_ecumenical_altar_acropolis

Skill      XL: |  1 |
---------------+----+-----
Axes           | 1 |  1.0
Short Blades   | |  0.8
Dodging        | |  1.7
Stealth        | |  3.2
Spellcasting   | |  1.7
Hexes          | |  2.4

Action                   || total
-------------------------++-------
Melee: Short sword       ||    22
       Dagger            ||    13
Armor: Robe              ||     6
Dodge: Dodged            ||    20

Table legend:
 A = Non-vault XP
 B = Vault XP
 C = Vault XP percentage of total XP
 D = Non-vault monster count
 E = Vault monster count
 F = Vault count percentage of total count
                 A         B        C        D         E       F
            +---------+---------+-------+---------+---------+-------
      Total |       7 |       0 |   0.0 |       4 |       0 |   0.0
            +---------+---------+-------+---------+---------+-------
        D:1 |       7 |       0 |   0.0 |       4 |       0 |   0.0
            +---------+---------+-------+---------+---------+-------
